 Dungeon Crawl Stone Soup version 0.29-a0-923-g6e406bff71 (webtiles) character file.

Game seed: 1160637796138008658

28 ptdevnull the Grave Robber (level 2, -1/15 HPs)
             Began as a Deep Elf Necromancer on July 27, 2022.
             Slain by a gnoll
             ... wielding a +0 flail
              (4 damage)
             ... on level 1 of the Dungeon.
             The game lasted 00:01:34 (681 turns).

ptdevnull the Grave Robber (Deep Elf Necromancer)    Turns: 681, Time: 00:01:35

Health: -1/15      AC:  2    Str:  5    XL:     2   Next: 96%
Magic:  0/9        EV: 12    Int: 19    God:
Gold:   11         SH:  0    Dex: 15    Spells: 8/9 levels left

rFire   + . .      SeeInvis .   (no weapon)
rCold   . . .      Faith    .   (no shield)
rNeg    . . .      Spirit   .   a - +0 robe
rPois   .          Reflect  .   (no helmet)
rElec   .          Harm     .   (no cloak)
rCorr   .          Rampage  .   (no gloves)
Will    .....                   (no boots)
Stlth   ++........              (no amulet)
HPRegen 0.05/turn               g - ring of protection from fire
MPRegen 0.11/turn               (no ring)

@: no status effects
A: no striking features
a: no special abilities


You were on level 1 of the Dungeon.
You visited 1 branch of the dungeon, and saw 1 of its levels.

You collected 11 gold pieces.

Inventory:

Armour
 a - a +0 robe (worn)
Jewellery
 g - a ring of protection from fire (left hand)
Scrolls
 e - a scroll of teleportation {unknown}
Potions
 b - a potion of magic
 c - a potion of attraction {unknown}
 d - 2 potions of haste {unknown}
 f - a potion of brilliance {unknown}
 h - a potion of curing {unknown}


   Skills:
 - Level 2.4 Dodging
 - Level 2.4 Stealth
 + Level 4.0 Spellcasting
 + Level 5.4 Necromancy


You had 8 spell levels left.
You knew the following spells:

 Your Spells              Type           Power      Damage    Failure   Level
a - Necrotise             Necr           96%        1d8       1%          1

Your spell library contained the following spells:

 Spells                   Type           Power      Damage    Failure   Level
 Vampiric Draining        Necr           24%        2d7       4%          3
 Animate Dead             Necr           24%        N/A       14%         4
 Agony                    Necr           24%        N/A       38%         5


Dungeon Overview and Level Annotations

Branches:
Dungeon (1/15)

Altars:


Message History

The hobgoblin hits your goblin skeleton.
Your goblin skeleton hits the hobgoblin.
The quokka writhes in agony.
The hobgoblin hits your goblin skeleton.
Your frilled lizard skeleton barely misses the quokka.
The quokka writhes in agony.
You kill the quokka!
The dead are hopping!
Your goblin skeleton hits the hobgoblin.
Your Spellcasting skill increases to level 4!
The endoplasm writhes in agony.
Your goblin skeleton hits the hobgoblin but does no damage.
The endoplasm writhes in agony.
You kill the endoplasm!
The hobgoblin barely misses your quokka skeleton.
A gnoll comes into view. It is wielding a +0 flail.
Your goblin skeleton closely misses the hobgoblin.
Your kobold skeleton hits the hobgoblin but does no damage.
Your quokka skeleton bites the hobgoblin.
The hobgoblin dies!
Your goblin skeleton hits the gnoll but does no damage.
Your kobold skeleton closely misses the gnoll.
You are out of magic!
Your kobold skeleton barely misses the gnoll.
Your quokka skeleton bites the gnoll but does no damage.
Your frilled lizard skeleton bites the gnoll but does no damage.
Your frilled lizard skeleton closely misses the gnoll.
Your quokka skeleton barely misses the gnoll.
The gnoll writhes in agony.
Your frilled lizard skeleton crumbles into dust!
The gnoll hits you with a +0 flail!
Ouch! That really hurt!
* * * LOW HITPOINT WARNING * * *
Your quokka skeleton bites the gnoll but does no damage.
Your quokka skeleton closely misses the gnoll.
Your kobold skeleton hits the gnoll but does no damage.
The gnoll attacks as you move away! The gnoll barely misses you.
The gnoll attacks as you move away! The gnoll barely misses you.
The gnoll attacks as you move away! The gnoll hits you with a +0 flail.
You die...

..# ....)......?###### ..#
.................. ..#
............###### ..#
#...†.............
..#####.#####.)ZZ...######
.>........# ####.####
....###.#.# #Z#
........#.# #g#
##.######.# #@#
..........######.#
##..(............#
....############## ###.#
###.# ....# #####


You could see a gnoll (ally target), a friendly quokka skeleton, a friendly
goblin skeleton and a friendly kobold skeleton.

Vanquished Creatures
  A dart slug (D:1)
  3 endoplasms (D:1)
  A giant cockroach (D:1)
  3 goblins (D:1)
  A hobgoblin (D:1)
  2 quokkas (D:1)
  A ball python (D:1)
  2 bats (D:1)
  3 frilled lizards (D:1)
  4 kobolds (D:1)
  2 rats (D:1)
23 creatures vanquished.

Vanquished Creatures (collateral kills)
  A hobgoblin (D:1)
  A frilled lizard (D:1)
2 creatures vanquished.

Grand Total: 25 creatures vanquished

Notes
Turn   | Place    | Note
-------+----------+-------------------------------------------
     0 | D:1      | ptdevnull the Deep Elf Necromancer began the quest for the
                  | Orb.
     0 | D:1      | Reached XP level 1. HP: 10/10 MP: 6/6
    15 | D:1      | Reached skill level 5 in Necromancy
   193 | D:1      | Found a faded altar of an unknown god.
   344 | D:1      | Reached XP level 2. HP: 15/15 MP: 4/8
   681 | D:1      | Slain by a gnoll

Illustrated notes

Levels and vault maps discovered:
D:1:      doesnt_arrival_eight_statues, layout_basic,
          dreamdust_ecumenical_altar_hidden_monk_grotto, minmay_pentomino_v4

Skill      XL: |  1  2 |
---------------+-------+-----
Necromancy     | 5 |  5.4
Spellcasting   | 4 |  4.0
Dodging        | |  2.4
Stealth        | |  2.4

Action                   || total
-------------------------++-------
 Cast: Necrotise         ||    35
Dodge: Dodged            ||     3

Table legend: (Time is in decaauts)
 A = Elapsed time spent in this place.
 B = Non-inter-level travel time spent in this place.
 C = Inter-level travel time spent in this place.
 D = Time resting spent in this place.
 E = Time spent auto-exploring this place.
 F = Levels seen in this place.
 G = Mean time per level.
                   A        B        C        D        E       F      G
               +--------+--------+--------+--------+--------+-----+--------+
         Total |    680 |    680 |      0 |      0 |    583 |   1 |  680.0 |
       Dungeon |    680 |    680 |      0 |      0 |    583 |   1 |  680.0 |
               +--------+--------+--------+--------+--------+-----+--------+

Top non-repeatable levels by time:
     D:1: 680 daAuts
